 Dungeon Crawl Stone Soup version 0.21-b1-19-g8321a34dda (webtiles) character file.

63470 Gargoyl the Cleaver (level 14, -4/121 HPs)
             Began as a Centaur Abyssal Knight on Jan 4, 2018.
             Was the Champion of Lugonu.
             Slain by Agnes
             ... wielding a +2 lajatang of venom
              (6 damage)
             ... on level 14 of the Dungeon.
             The game lasted 00:50:21 (35359 turns).

Gargoyl the Cleaver (Centaur Abyssal Knight)       Turns: 35359, Time: 00:50:23

Health: -4/121     AC: 23    Str: 21    XL:     14   Next: 68%
Magic:  19/23      EV:  6    Int: 13    God:    Lugonu [******]
Gold:   1738       SH:  9    Dex: 12    Spells: 13/13 levels left

rFire    . . .     SeeInvis +   Q - +7 hand axe of the Grave {flame, rC+}
rCold    + + .     Gourm    .   N - +0 shield
rNeg     . . .     Faith    .   e - +3 chain mail {rC+}
rPois    .         Spirit   .   f - +0 helmet
rElec    .         Reflect  .   U - +1 cloak {MR+}
rCorr    .         Harm     .   F - +2 pair of gloves
MR       ++...                  (no barding)
Stlth    ..........             (no amulet)
HPRegen  0.30/turn              K - +4 ring of strength
MPRegen  0.18/turn              H - ring of see invisible

@: lethally poisoned (-4 -> -90), very quick
A: large, hooves 3, slimy green scales 1, clever 1, deformed body, speed 2,
tough skin 3
a: Depart the Abyss, Bend Space, Banish, Corrupt, Enter the Abyss, Brand Weapon
With Distortion, Renounce Religion


You were on level 14 of the Dungeon.
You worshipped Lugonu.
Lugonu was exalted by your worship.
You were not hungry.

You visited 2 branches of the dungeon, and saw 20 of its levels.
You visited the Abyss 1 time.

You collected 1738 gold pieces.

Inventory:

Hand Weapons
 t - a +0 war axe
 D - a +4 hand axe of freezing
 Q - the +7 hand axe of the Grave (weapon) {flame, rC+}
   (You found it on level 6 of the Lair of Beasts)

   It has been specially enchanted to burn those struck by it, causing extra
   injury to most foes and up to half again as much damage against particularly
   susceptible opponents.
   Big, fiery blades are also staple armaments of hydra-hunters.
   It protects you from cold.
Missiles
 G - 11 javelins (quivered)
Armour
 e - a +3 chain mail of cold resistance (worn)
 f - a +0 helmet (worn)
 F - a +2 pair of gloves (worn)
 N - a +0 shield (worn)
 U - a +1 cloak of magic resistance (worn)
Jewellery
 H - a ring of see invisible (right hand)
 K - a +4 ring of strength (left hand)
Wands
 d - a wand of paralysis (3)
 j - a wand of enslavement (9)
 o - a wand of random effects (53)
 q - a wand of polymorph (22)
 v - a wand of scattershot (4)
 w - a wand of digging (22)
 z - a wand of acid (10)
 A - a wand of flame (19)
 R - a wand of iceblast (11)
Scrolls
 b - 9 scrolls of identify
 h - 11 scrolls of remove curse
 i - 2 scrolls of enchant armour
 m - 6 scrolls of amnesia
 n - 5 scrolls of teleportation
 s - 4 scrolls of magic mapping
 y - a scroll of enchant weapon {unknown}
 M - 3 scrolls of fear
 O - a scroll of holy word
 T - a scroll of silence
Potions
 g - 3 potions of curing
 k - 2 potions of agility
 l - a potion of lignification
 p - a potion of brilliance
 r - a potion of heal wounds
 x - a potion of invisibility
 I - 2 potions of haste
 S - 2 potions of berserk rage
Books
 a - the Collected Works on Helpful Summoning
   (You found it on level 8 of the Dungeon)

   Spells                             Type                      Level
   a - Infusion                       Charms                       1
   b - Summon Small Mammal            Summoning                    1
   c - Song of Slaying                Charms                       2
   d - Summon Guardian Golem          Hexes/Summoning              3
   e - Excruciating Wounds            Charms/Necromancy            5
   f - Summon Mana Viper              Hexes/Summoning              5
 B - a book of Battle

   Spells                             Type                      Level
   a - Infusion                       Charms                       1
   b - Shroud of Golubria             Charms/Translocation         2
   c - Song of Slaying                Charms                       2
   d - Spectral Weapon                Hexes/Charms                 3
   e - Regeneration                   Charms/Necromancy            3
 C - a book of Minor Magic

   Spells                             Type                      Level
   a - Magic Dart                     Conjuration                  1
   b - Blink                          Translocation                2
   c - Call Imp                       Summoning                    2
   d - Slow                           Hexes                        2
   e - Conjure Flame                  Conjuration/Fire             3
   f - Mephitic Cloud                 Conjuration/Poison/Air       3
 E - a book of Necromancy

   Spells                             Type                      Level
   a - Pain                           Necromancy                   1
   b - Animate Skeleton               Necromancy                   1
   c - Vampiric Draining              Necromancy                   3
   d - Regeneration                   Charms/Necromancy            3
   e - Animate Dead                   Necromancy                   4
   f - Borgnjor's Vile Clutch         Necromancy/Earth             5
 J - a book of Maledictions

   Spells                             Type                      Level
   a - Corona                         Hexes                        1
   b - Ensorcelled Hibernation        Hexes/Ice                    2
   c - Confuse                        Hexes                        3
   d - Tukima's Dance                 Hexes                        3
   e - Dazzling Spray                 Conjuration/Hexes            3
 L - a book of Conjurations

   Spells                             Type                      Level
   a - Magic Dart                     Conjuration                  1
   b - Searing Ray                    Conjuration                  2
   c - Dazzling Spray                 Conjuration/Hexes            3
   d - Fulminant Prism                Conjuration/Hexes            4
   e - Force Lance                    Conjuration/Translocation    4
   f - Iskenderun's Mystic Blast      Conjuration                  4
 P - a book of Unlife

   Spells                             Type                      Level
   a - Recall                         Summoning/Translocation      3
   b - Animate Dead                   Necromancy                   4
   c - Borgnjor's Vile Clutch         Necromancy/Earth             5
   d - Death Channel                  Necromancy                   6
   e - Simulacrum                     Ice/Necromancy               6
Comestibles
 c - 36 rations
 u - 3 inedible chunks of flesh


   Skills:
 + Level 10.1 Fighting
 + Level 12.5 Axes
 + Level 2.2 Throwing
 * Level 11.8 Armour
 + Level 3.5 Dodging
 + Level 4.1 Shields
 * Level 12.5 Invocations


You had 13 spell levels left.
You didn't know any spells.

Dungeon Overview and Level Annotations

Branches:
Dungeon (14/15)            Temple (0/1) D:7            Lair (6/6) D:11
  Swamp (0/4) Lair:3        Snake (0/4) Lair:2        Slime (0/5) Lair:6
    Orc (0/2) D:11         Vaults (0/5) D:14

Altars:
Dithmenos
Elyvilon
Fedhas
Gozag
Kikubaaqudgha
Qazlal
Ru
Sif Muna
Trog
Xom
Yredelemnul
Zin
Beogh

Shops:
D:4 }   D:5 *

Annotations:
D:14 Agnes
Abyss:1 Nessos, Urug


Innate Abilities, Weirdness & Mutations

You have hooves in place of feet.
Armour fits poorly on your strangely shaped body.
You cover ground very quickly.
You have extremely tough skin. (AC +3)
You are partially covered in slimy green scales. (AC +2)
Your mind is acute. (Int +2)


Message History

You feel sick.
Agnes hits you with a lajatang of venom!
You are lethally poisoned!
You hit Agnes. You burn Agnes.
Agnes is lightly wounded.
* * * LOW HITPOINT WARNING * * *
You feel very sick.
Agnes hits you with a lajatang of venom!
* * * LOW HITPOINT WARNING * * *
You are more poisoned.
Press: ? - help, Shift-Dir - straight line, f - Agnes
Aim: Agnes, wielding a lajatang of venom and wearing a robe (lightly wounded, chance to defeat MR: 26%) Agnes easily resists.
You feel somewhat more hungry.
* * * LOW HITPOINT WARNING * * *
You feel very sick.
Agnes hits you with a lajatang of venom!!
* * * LOW HITPOINT WARNING * * *
You are more poisoned.
Agnes hits you with a lajatang of venom.
You die...

#.# #.# #.# #.# #.# #.# #.#
#.# #.# #.# #.# #.# #.# #i#
#.# #@# #.# #.# #.# #.# #.#
############## #.# #.#
.............###.########.#
########..................#
#.################## #.#
#.#


You could see Agnes.

Vanquished Creatures
  Frances (D:14)
  Snorg (D:13)
  A merfolk avatar (Lair:6)
  5 hydras
  2 centaur warriors (D:13)
  A death knight (D:12)
  A two-headed ogre (D:11)
  A catoblepas (Lair:2)
  2 dancing weapons (D:14)
  2 unseen horrors
  A sea snake (Lair:6)
  Pikel (D:7)
  2 harpies (Lair:6)
  7 ugly things
  3 manticores
  Maurice (D:13)
  3 cyclopes
  An elephant (Lair:6)
  8 black mambas
  A gargoyle (D:13)
  10 spiny frogs
  3 rime drakes (Lair:6)
  5 komodo dragons
  A kobold demonologist (D:14)
  3 trolls
  7 polar bears (Lair:6)
  3 wind drakes (Lair:6)
  3 hornets
  10 blink frogs
  9 hippogriffs
  A shadow (D:14)
  Sigmund (D:4)
  2 vampires
  41 yaks
  12 spriggans (Lair:1)
  A wraith (D:11)
  5 wyverns
  A human (D:7)
  2 basilisks
  Grum (D:9)
  3 hogs (D:7)
  3 hungry ghosts
  A steam dragon (D:11)
  Menkaure (D:5)
  5 vampire mosquitoes (D:12)
  4 swamp worms (Lair:3)
  12 water moccasins
  11 porcupines
  A slave (D:7)
  2 ice beasts
  A black bear (D:11)
  9 orc warriors
  3 eyes of draining (D:3)
  3 sky beasts
  7 ogres
  4 phantoms
  16 wolves
  The ghost of BrokenGlass the Insei, an amateur OpFi (D:3)
  10 centaurs
  10 crocodiles
  Blork the orc (D:5)
  A big kobold (D:10)
  23 bullfrogs
  7 scorpions
  67 killer bees
  7 wights
  5 electric eels
  7 crimson imps
  7 jellies
  5 bullfrog zombies
  7 hounds
  10 orc priests
  Crazy Yiuf (D:4)
  2 iguanas
  14 orc wizards
  9 worker ants
  2 hound zombies
  A hound skeleton (D:10)
  2 worker ant zombies (D:6)
  7 gnolls
  2 howler monkey skeletons (D:5)
  17 adders
  2 shadow imps
  4 oozes
  An adder skeleton (D:4)
  A worm (D:2)
  4 dart slugs
  5 leopard geckos
  56 orcs
  2 ball pythons
  12 bats
  5 giant cockroaches
  5 goblins
  8 hobgoblins
  8 jackals
  10 kobolds
  3 quokkas
  7 frilled lizards
  A giant cockroach zombie (D:6)
  A jackal skeleton (D:4)
  A quokka zombie (D:9)
  9 rats
  3 fungi
625 creatures vanquished.

Vanquished Creatures (others)
  A two-headed ogre (D:6)
  2 unseen horrors
  An orc knight (D:11)
  A guardian serpent (Lair:2)
  A porcupine (Lair:1)
  A water moccasin (Lair:6)
  2 crocodiles (Lair:1)
  2 killer bees (Lair:1)
  2 electric eels (D:11)
  39 fungi
  31 plants
83 creatures vanquished.

Grand Total: 708 creatures vanquished

Notes
Turn   | Place    | Note
-------+----------+-------------------------------------------
     0 | Abyss:1  | Gargoyl the Centaur Abyssal Knight began the quest for the Orb.
     0 | Abyss:1  | Reached XP level 1. HP: 19/19 MP: 2/2
    65 | Abyss:1  | Noticed a small abomination
    75 | Abyss:1  | Noticed a starcursed mass
    86 | D:1      | Escaped the Abyss
   351 | D:1      | Reached XP level 2. HP: 20/26 MP: 3/3
   423 | D:1      | Reached * piety under Lugonu
   713 | D:1      | Reached XP level 3. HP: 28/31 MP: 4/4
  1002 | D:2      | Found a blossoming altar of Fedhas.
  1322 | D:2      | Reached XP level 4. HP: 11/38 MP: 5/5
  1605 | D:2      | Reached ** piety under Lugonu
  2344 | D:3      | Reached XP level 5. HP: 44/46 MP: 7/7
  2365 | D:3      | Reached skill level 1 in Dodging
  2503 | D:3      | Noticed an eye of draining
  2528 | D:3      | Noticed BrokenGlass's ghost (amateur OpFi)
  2950 | D:3      | Killed BrokenGlass's ghost
  2950 | D:3      | Reached XP level 6. HP: 28/52 MP: 8/8
  3119 | D:3      | Found a bloodstained altar of Trog.
  3155 | D:3      | Reached XP level 7. HP: 59/59 MP: 0/9
  3654 | D:3      | Found a white marble altar of Elyvilon.
  3710 | D:4      | Noticed Sigmund
  3719 | D:4      | Killed Sigmund
  4213 | D:4      | Found Wiux's Gadget Shop.
  4227 | D:4      | Reached *** piety under Lugonu
  4684 | D:4      | Found a runed door.
  4822 | D:4      | Noticed Crazy Yiuf
  4833 | D:4      | Killed Crazy Yiuf
  5017 | D:5      | Entered Level 5 of the Dungeon
  5094 | D:5      | Found a deep blue altar of Sif Muna.
  5094 | D:5      | Found a sacrificial altar of Ru.
  5138 | D:5      | Noticed Menkaure
  5147 | D:5      | Killed Menkaure
  5147 | D:5      | Reached skill level 5 in Axes
  5360 | D:5      | Reached XP level 8. HP: 58/67 MP: 11/11
  5655 | D:5      | Found Ceus Ped's Assorted Antiques.
  5779 | D:5      | Found an ancient bone altar of Kikubaaqudgha.
  6001 | D:5      | Noticed Blork the orc
  6013 | D:5      | Killed Blork the orc
  6017 | D:5      | Reached skill level 5 in Fighting
  6240 | D:5      | Reached skill level 5 in Invocations
  6889 | D:6      | Reached skill level 5 in Armour
  7215 | D:6      | Noticed a two-headed ogre
  7226 | D:6      | Banished a two-headed ogre
  7226 | D:6      | Reached XP level 9. HP: 35/74 MP: 13/13
  8130 | D:7      | Found an opulent altar of Gozag.
  8152 | D:7      | Reached **** piety under Lugonu
  8446 | D:7      | Found a staircase to the Ecumenical Temple.
  8872 | D:7      | Found a bloodstained altar of Trog.
  9389 | D:7      | Found a runed door.
  9446 | D:7      | Reached XP level 10. HP: 83/83 MP: 15/15
 10094 | D:7      | Found a roughly hewn altar of Beogh.
 10394 | D:8      | Noticed Pikel
 10419 | D:7      | Paralysed by fainting for 12 turns
 10555 | D:7      | Killed Pikel
 11452 | D:8      | Identified the Collected Works on Helpful Summoning
 11749 | D:9      | Noticed Grum
 11775 | D:9      | Killed Grum
 12271 | D:9      | Found a stormy altar of Qazlal.
 12291 | D:9      | Found a glowing silver altar of Zin.
 12298 | D:9      | Found a shadowy altar of Dithmenos.
 12298 | D:9      | Found a basalt altar of Yredelemnul.
 12321 | D:9      | Found a shimmering altar of Xom.
 12643 | D:10     | Entered Level 10 of the Dungeon
 12651 | D:10     | Reached ***** piety under Lugonu
 12943 | D:10     | Gained mutation: You are partially covered in slimy green scales. (AC +2) [potion of mutation]
 12943 | D:10     | Gained mutation: Your mind is acute. (Int +2) [potion of mutation]
 13211 | D:10     | Noticed Urug
 13220 | D:10     | Banished Urug
 13220 | D:10     | Reached XP level 11. HP: 18/91 MP: 17/17
 13742 | D:10     | Reached skill level 1 in Throwing
 14096 | D:11     | Noticed a five-headed hydra
 14105 | D:11     | Killed a one-headed hydra
 14215 | D:11     | Noticed a brown ugly thing
 14216 | D:11     | Noticed a cyan ugly thing
 14243 | D:11     | Killed a red ugly thing
 14249 | D:11     | Killed a red ugly thing
 14673 | D:11     | Noticed a two-headed ogre
 14685 | D:11     | Killed a two-headed ogre
 14910 | D:11     | Found a staircase to the Lair.
 15420 | D:11     | Reached skill level 10 in Axes
 15539 | D:11     | Banished an unseen horror
 15611 | D:11     | Noticed an orc knight
 15882 | D:10     | Banished an unseen horror
 16025 | D:11     | Banished an orc knight
 16819 | D:11     | Found a staircase to the Orcish Mines.
 17063 | Lair:1   | Entered Level 1 of the Lair of Beasts
 17066 | Lair:1   | Reached XP level 12. HP: 101/101 MP: 19/19
 17570 | Lair:1   | Noticed an eight-headed hydra
 17964 | Lair:1   | Killed a one-headed hydra
 18373 | Lair:1   | HP: 4/102 [crocodile (7)]
 18569 | Lair:1   | Reached skill level 10 in Invocations
 20132 | Lair:1   | Reached skill level 10 in Armour
 20524 | Lair:2   | Found a staircase to the Snake Pit.
 21577 | Lair:2   | Noticed a catoblepas
 21618 | Lair:2   | Killed a catoblepas
 22096 | Lair:3   | Reached XP level 13. HP: 56/108 MP: 21/21
 23585 | Lair:3   | Found a staircase to the Swamp.
 25197 | Lair:5   | Reached skill level 1 in Shields
 26063 | Lair:5   | You fall through a shaft!
 26063 | Lair:6   | Entered Level 6 of the Lair of Beasts
 27236 | Lair:6   | Found a staircase to the Slime Pits.
 29431 | Lair:6   | Got a dazzling hand axe
 29432 | Lair:6   | Identified the +7 hand axe of the Grave {flame, rC+} (You found it on level 6 of the Lair of Beasts)
 30362 | D:12     | Reached XP level 14. HP: 103/118 MP: 22/22
 30474 | D:12     | Got a smoking hand axe
 30489 | D:12     | Identified the +0 hand axe "Citao" {antimagic, *Slow MR+++ Int+5} (You found it on level 12 of the Dungeon)
 30908 | D:12     | HP: 4/119 [death knight/battleaxe (27)]
 31799 | D:12     | Noticed Nessos
 31801 | D:12     | Banished Nessos
 33361 | D:13     | Noticed Snorg
 33407 | D:13     | Killed Snorg
 33537 | D:13     | Noticed Maurice
 33549 | D:13     | Killed Maurice
 34292 | D:13     | Reached ****** piety under Lugonu
 34434 | D:14     | Reached skill level 10 in Fighting
 34734 | D:14     | Found a gate to the Vaults.
 34851 | D:14     | Noticed Frances
 34874 | D:14     | Killed Frances
 35347 | D:14     | Noticed Agnes
 35359 | D:14     | HP: 2/121 [Agnes/lajatang of venom (18)]
 35359 | D:14     | Slain by Agnes

Skill      XL: |  1  2  3  4  5  6  7  8  9 10 11 12 13 14 |
---------------+-------------------------------------------+-----
Axes           | 2 3 4 5 6 7 9 10 11 12 | 12.5
Armour         | 2 3 4 5 6 8 9 10 11 | 11.8
Dodging        | 1 2 3 |  3.5
Fighting       | 4 5 6 7 8 9 10 | 10.1
Invocations    | 3 4 5 6 8 9 11 12 | 12.5
Throwing       | 1 2 |  2.2
Shields        | 3 4 |  4.1

Action                   |  1- 3 |  4- 6 |  7- 9 | 10-12 | 13-15 || total
-------------------------+-------+-------+-------+-------+-------++-------
Melee: Hand axe          |    82 |   141 |   260 |  1050 |  1031 ||  2564
       Kick              |    12 |    33 |    78 |   209 |   323 ||   655
       War axe           |       |       |   150 |       |       ||   150
Throw: Tomahawk          |       |       |     7 |       |       ||     7
       Javelin           |       |       |       |    17 |     4 ||    21
Invok: Depart the Abyss  |     1 |       |       |       |       ||     1
       Banish            |       |       |     1 |    14 |     2 ||    17
       Bend Space        |       |       |       |     2 |       ||     2
Evoke: Wand              |       |       |       |     3 |       ||     3
  Use: Scroll            |     1 |     7 |     8 |    13 |     4 ||    33
       Potion            |       |       |     7 |     6 |     6 ||    19
 Stab: Petrified         |       |       |       |     1 |       ||     1
       Invisible         |       |       |       |       |     1 ||     1
  Eat: Chunk             |     1 |     3 |    12 |    34 |    30 ||    80
       Ration            |       |       |     2 |     4 |     3 ||     9
Armor: Chain mail        |    93 |   116 |   399 |   809 |   643 ||  2060
       Skin              |       |       |    78 |    32 |       ||   110
Dodge: Dodged            |    25 |    35 |   143 |   640 |   325 ||  1168
Block: Buckler           |       |       |       |    11 |    16 ||    27
       Shield            |       |       |       |       |   414 ||   414
